 Dungeon Crawl Stone Soup version 0.28.0-43-g3370ac3207 (webtiles) character file.

Game seed: 209095317090212587

214 RascalDebosk the Covered (level 5, 0/47 HPs)
             Began as a Minotaur Fighter on Mar 30, 2022.
             Killed by nerve-wracking pain
             ... invoked by an orc priest
              (7 damage)
             ... on level 4 of the Dungeon.
             The game lasted 00:17:33 (2796 turns).

RascalDebosk the Covered (Minotaur Fighter)         Turns: 2796, Time: 00:17:34

Health: 0/47       AC:  7    Str: 22    XL:     5   Next: 60%
Magic:  4/4        EV:  9    Int:  5    God:
Gold:   130        SH:  4    Dex: 10    Spells: 4/4 levels left

rFire   . . .      SeeInvis .   a - +0 trident
rCold   . . .      Faith    +   c - +0 buckler
rNeg    . . .      Spirit   .   b - +0 scale mail
rPois   +          Reflect  .   (helmet restricted)
rElec   .          Harm     .   (no cloak)
rCorr   .          Rampage  .   (no gloves)
Will    .....                   (no boots)
Stlth   ..........              g - amulet of faith
HPRegen 0.15/turn               s - ring of poison resistance
MPRegen 0.09/turn               (no ring)

@: no status effects
A: horns 2, retaliatory headbutt
a: no special abilities


You were on level 4 of the Dungeon.
You visited 1 branch of the dungeon, and saw 4 of its levels.

You collected 130 gold pieces.

Inventory:

Hand Weapons
 a - a +0 trident (weapon)
Missiles
 e - 4 atropa-tipped darts (quivered)
 i - 30 stones
 k - 6 poisoned darts
Armour
 b - a +0 scale mail (worn)
 c - a +0 buckler (worn)
Jewellery
 g - an amulet of faith (around neck)
 s - a ring of poison resistance (left hand)
Scrolls
 f - 2 scrolls of teleportation {unknown}
 h - a scroll of holy word {unknown}
 l - 2 scrolls of amnesia {unknown}
 n - a scroll of enchant weapon {unknown}
 p - a scroll of fear {unknown}
 q - 3 scrolls of blinking {unknown}
 r - a scroll of immolation {unknown}
Potions
 d - 3 potions of might
 j - a potion of cancellation {unknown}
 m - a potion of mutation {unknown}
 o - a potion of curing {unknown}


   Skills:
 + Level 4.4 Fighting
 + Level 3.5 Polearms
 + Level 2.0 Throwing
 + Level 4.6 Armour
 + Level 4.5 Shields
 + Level 1.7 Evocations


You had 4 spell levels left.
You didn't know any spells.
Your spell library was empty.

Dungeon Overview and Level Annotations

Branches:
Dungeon (4/15)
 Temple: D:4-7

Altars:
Makhleb
Qazlal
Sif Muna


Innate Abilities, Weirdness & Mutations

You have a pair of horns on your head.
You reflexively headbutt those who attack you in melee.


Message History

Your Throwing skill increases to level 2!
You hit the orc.
The orc is moderately wounded.
An orc comes into view. It is wielding a +0 dagger.
You hit the orc.
The orc is heavily wounded.
The orc hits you but does no damage. The orc closely misses you.
You furiously retaliate!
You headbutt the orc! You barely miss the orc.
The orc is almost dead.
The orc hits you with a +0 whip. The orc closely misses you.
You puncture the orc!
You kill the orc!
A water moccasin skeleton comes into view.
The orc barely misses you. You furiously retaliate!
You headbutt the orc, but do no damage. You hit the orc but do no damage.
Your headbutt misses the orc.
The orc is moderately wounded.
The orc barely misses you.
The orc priest calls down the wrath of Beogh upon you.
Beogh smites you!
* * * LOW HITPOINT WARNING * * *
You are too injured to fight recklessly!
You are too injured to fight recklessly!
You are too injured to fight recklessly!
You are too injured to fight recklessly!
You are too injured to fight recklessly!
You hit the orc priest.
The orc priest is lightly wounded.
The orc hits you with a +0 whip.
* * * LOW HITPOINT WARNING * * *
A giant cockroach comes into view.
The orc priest hits you with a +0 hand axe.
* * * LOW HITPOINT WARNING * * *
The orc closely misses you.
You barely miss the orc priest.
The orc priest is lightly wounded.
The orc priest calls down the wrath of Beogh upon you.
Pain shoots through your body!
You die...

... #.. ... .. ##
#.# ... Z.# ....
####o.#####
#...####.†@o.....#
#.....#.........#
#..#............
#..<.......####
.....#B......#..#
.... ##.......#.#
. ##........#
##.......#
........#


You could see an orc priest, an orc, a giant cockroach and a water moccasin
skeleton.

Vanquished Creatures
  2 hounds
  2 orc priests
  Robin (D:3)
  2 adders (D:2)
  7 orcs
  5 ball pythons
  3 endoplasms
  A giant cockroach (D:2)
  13 goblins
  6 hobgoblins
  3 quokkas
  3 bats
  2 frilled lizards (D:1)
  8 kobolds
  3 rats
61 creatures vanquished.

Notes
Turn   | Place    | Note
-------+----------+-------------------------------------------
     0 | D:1      | RascalDebosk the Minotaur Fighter began the quest for the
                  | Orb.
     0 | D:1      | Reached XP level 1. HP: 19/19 MP: 0/0
   406 | D:1      | Found a faded altar of an unknown god.
   410 | D:1      | Reached XP level 2. HP: 27/27 MP: 1/1
  1046 | D:2      | Reached XP level 3. HP: 33/33 MP: 2/2
  1122 | D:2      | Reached skill level 1 in Throwing
  1122 | D:2      | Reached skill level 1 in Evocations
  1690 | D:3      | Reached XP level 4. HP: 36/40 MP: 3/3
  1906 | D:3      | HP: 2/40 [orc priest/+0 hand axe (5)]
  2220 | D:3      | Found a stormy altar of Qazlal.
  2220 | D:3      | Found a shimmering blue altar of Sif Muna.
  2276 | D:3      | Noticed Robin
  2326 | D:3      | Reached XP level 5. HP: 46/46 MP: 4/4
  2332 | D:3      | Killed Robin
  2495 | D:3      | Found a burning altar of Makhleb.
  2796 | D:4      | Killed from afar by an orc priest

Illustrated notes

Levels and vault maps discovered:
D:1:      lightli_iron_boxes, layout_basic, ebering_ecumenical_altar_box
D:2:      layout_rooms
D:3:      minmay_wonky_spiral, layout_basic, general_overflow_altar,
          gammafunk_temple_overflow_statue, uniq_robin
D:4:      layout_rooms, nicolae_ossuary_entry_giza, serial_curves,
          eino_curves_04, eino_curves_01, biasface_ghost_orc_armoury,
          grunt_ministairs_10

Skill      XL: |  1  2  3  4  5 |
---------------+----------------+-----
Fighting       | 4 |  4.4
Throwing       | 1 2 |  2.0
Armour         | 4 |  4.6
Shields        | 4 |  4.5
Evocations     | 1 |  1.7
Polearms       | 3 |  3.5

Action                   |  1- 3 |  4- 6 || total
-------------------------+-------+-------++-------
Melee: Trident           |    70 |   100 ||   170
       Headbutt          |     8 |     9 ||    17
Armor: Scale mail        |    17 |    36 ||    53
Dodge: Dodged            |    22 |    31 ||    53
Block: Buckler           |     9 |    18 ||    27
